 Dungeon Crawl Stone Soup version 0.24.0-125-gc4c63601f3 (webtiles) character file.

Game seed: 8678256806284729657, levelgen mode: deterministic

1302 Doot the Thaumaturge (level 8, -5/41 HPs)
             Began as a Deep Elf Wizard on Mar 19, 2020.
             Slain by a bullfrog (8 damage)
             ... on level 7 of the Dungeon.
             The game lasted 00:12:30 (5298 turns).

Doot the Thaumaturge (Deep Elf Wizard)              Turns: 5298, Time: 00:12:30

Health: -5/41      AC:  4    Str:  4    XL:     8   Next: 31%
Magic:  12/23      EV: 19    Int: 30    God:
Gold:   119        SH:  0    Dex: 18    Spells: 15/26 levels left

rFire    + . .     SeeInvis .   y - +0 short sword (venom)
rCold    . . .     Gourm    .   (no shield)
rNeg     . . .     Faith    .   a - +0 robe
rPois    .         Spirit   .   b - +0 hat
rElec    .         Reflect  .   f - +0 cloak
rCorr    .         Harm     .   p - +0 pair of gloves
MR       .....                  (no boots)
Stlth    ++++......             (no amulet)
HPRegen  0.13/turn              i - +4 ring of intelligence
MPRegen  0.18/turn              k - ring of protection from fire

@: agile
A: no striking features
a: no special abilities


You were on level 7 of the Dungeon.
You were not hungry.

You visited 1 branch of the dungeon, and saw 7 of its levels.

You collected 119 gold pieces.

Inventory:

Hand Weapons
 x - the +3 quarterstaff "Taicw" {speed, rElec MP-9 Str+10 Int-2}
   (You found it on level 6 of the Dungeon)

   Attacks with this weapon are significantly faster.
   It affects your strength (+10).
   It affects your intelligence (-2).
   It insulates you from electricity.
   It affects your magic capacity (-9).
 y - a +0 short sword of venom (weapon)
Missiles
 h - 2 poisoned darts (quivered)
Armour
 a - a +0 robe (worn)
 b - a +0 hat (worn)
 f - a +0 cloak (worn)
 p - a +0 pair of gloves (worn)
Jewellery
 i - a +4 ring of intelligence (left hand)
 k - a ring of protection from fire (right hand)
Scrolls
 c - a scroll of enchant armour {unknown}
 l - 4 scrolls of identify {unknown}
 m - 2 scrolls of teleportation {unknown}
 n - a scroll of torment {unknown}
 o - 2 scrolls of immolation {unknown}
 r - a scroll of enchant weapon {unknown}
 s - a scroll of noise {unknown}
 t - a scroll of remove curse {unknown}
 v - a scroll of amnesia {unknown}
Potions
 e - a potion of degeneration {unknown}
 g - a potion of curing {unknown}
 j - 2 potions of agility
 q - a potion of flight {unknown}
 w - a potion of brilliance {unknown}
 z - a potion of lignification {unknown}
Comestibles
 d - 6 rations
 u - a chunk of flesh


   Skills:
 + Level 0.3 Fighting
 + Level 0.1 Short Blades
 + Level 3.1 Dodging
 + Level 3.6 Stealth
 + Level 0.1 Unarmed Combat
 + Level 9.5 Spellcasting
 + Level 6.5 Conjurations
 + Level 2.7 Summonings
 + Level 2.6 Translocations
 + Level 1.0 Fire Magic
 + Level 0.7 Air Magic
 + Level 0.8 Poison Magic


You had 15 spell levels left.
You knew the following spells:

 Your Spells              Type           Power        Failure   Level  Hunger
a - Magic Dart            Conj           ####         1%          1    None
b - Blink                 Tloc           N/A          1%          2    None
c - Call Imp              Summ           ####....     1%          2    None
d - Conjure Flame         Conj/Fire      #####...     2%          3    None
e - Mephitic Cloud        Conj/Pois/Air  ####....     3%          3    None

Your spell library contained the following spells:

 Spells                   Type           Power        Failure   Level  Hunger
 Slow                     Hex            ##......     5%          2    None


Dungeon Overview and Level Annotations

Branches:
Dungeon (7/15)
 Temple: D:4-7

Altars:
Trog

Shops:
D:5 %   D:7 }

Annotations:
D:4 3 runed translucent doors, Pikel; fritzmikael's ghost, amateur CeTm
D:6 Grinder


Message History

You see here 2 arrows.
Your crimson imp misses the sky beast.
The sky beast hits you but does no damage.
Something hits your crimson imp but does no damage.
The centaur shoots an arrow.
The arrow hits your crimson imp!
Your crimson imp dies!
Casting: Magic Dart (safe; 1% risk of failure)
Confirm with . or Enter, or press ? or * to list all spells.
Aiming: Conjure Flame (safe; 2% risk of failure)
Press: ? - help, Dir - move target cursor, p - sky beast The fire ignites!
The sky beast flickers out of sight!
Deactivating autopickup; reactivate with Ctrl-A.
The centaur shoots an arrow.
The arrow hits you!
* * * LOW HITPOINT WARNING * * *
You see here an arrow.
It was a potion of agility.
You feel agile all of a sudden.
The centaur shoots an arrow.
The arrow barely misses you. The bullfrog hits you!
You die...

#.# ... #.# ..# ... #.# ...
#.#### #.#### ....... ..# ..=..#
#....# ..>.F.. ..# #.##.# #....#
#........ ..# #.##.# ##....#
#...c.... ..#####.##.#
#...F.######........
.........#.###.#@#.(.§..#>..÷....
...###.>...5.{.#≈#(###.##........
.....#..[..###.#.c..≈c.((........
.#[#(##(#### #...####.###........
.Y.#.(.)# #.....#.......#####
...###### #...#.######..#
...###### #...# # #..# .#.......
..#.# ######..# .#......) .###..
#.......#


You could see a bullfrog and a centaur.

Vanquished Creatures
  An ice beast (D:5)
  3 centaurs
  2 bullfrogs
  A water moccasin skeleton (D:4)
  2 scorpions (D:5)
  5 crimson imps
  A bullfrog zombie (D:6)
  An orc priest (D:2)
  3 hounds
  A bullfrog skeleton (D:4)
  2 iguanas
  4 worker ants
  A hound zombie (D:6)
  A hound skeleton (D:5)
  7 adders
  3 leopard geckos
  2 orcs (D:6)
  2 ball pythons
  3 bats
  5 giant cockroaches
  A goblin (D:1)
  6 hobgoblins
  6 jackals
  A kobold (D:3)
  4 quokkas
  3 frilled lizards
  A quokka skeleton (D:6)
  A quokka zombie (D:4)
  4 rats (D:2)
77 creatures vanquished.

Vanquished Creatures (collateral kills)
  Edmund (D:3)
  A worm (D:3)
  A quokka (D:3)
  A kobold (D:3)
  A rat (D:3)
5 creatures vanquished.

Grand Total: 82 creatures vanquished

Notes
Turn   | Place    | Note
-------+----------+-------------------------------------------
     0 | D:1      | Doot the Deep Elf Wizard began the quest for the Orb.
     0 | D:1      | Reached XP level 1. HP: 10/10 MP: 7/7
   222 | D:1      | Reached XP level 2. HP: 15/15 MP: 7/9
   227 | D:1      | Learned a level 2 spell: Blink
   230 | D:1      | Learned a level 2 spell: Call Imp
   259 | D:2      | Reached skill level 5 in Spellcasting
   540 | D:2      | Reached XP level 3. HP: 19/19 MP: 10/12
   546 | D:2      | Learned a level 3 spell: Conjure Flame
   550 | D:2      | Learned a level 3 spell: Mephitic Cloud
   578 | D:3      | Noticed an orc warrior
  1104 | D:2      | Found a bloodstained altar of Trog.
  1225 | D:3      | Reached skill level 6 in Spellcasting
  1494 | D:3      | Reached XP level 4. HP: 24/24 MP: 9/14
  1539 | D:4      | Noticed Edmund
  1548 | D:4      | Noticed a phantom
  1893 | D:4      | Noticed a slave
  1940 | D:4      | Noticed a slave
  1940 | D:4      | Noticed a slave
  1972 | D:4      | Noticed Pikel
  2011 | D:3      | Killed Edmund
  2011 | D:3      | Reached XP level 5. HP: 5/28 MP: 6/16
  2587 | D:4      | You fall into a shaft and drop 3 floors!
  2592 | D:7      | Noticed an orc warrior
  2603 | D:7      | Noticed a centaur
  2624 | D:5      | Entered Level 5 of the Dungeon
  2653 | D:5      | Reached skill level 7 in Spellcasting
  2699 | D:5      | Reached XP level 6. HP: 32/32 MP: 10/18
  2973 | D:4      | Found a runed translucent gate.
  2973 | D:4      | Found a runed translucent gate.
  2973 | D:4      | Found a runed translucent gate.
  2974 | D:4      | Noticed fritzmikael's ghost (amateur CeTm)
  2974 | D:4      | Identified the +7 short sword "Ixtexkyx" {elec, -Tele MR+
                  | Dex+3 Stlth+}
  3316 | D:4      | Reached XP level 7. HP: 30/36 MP: 15/20
  3367 | D:4      | Reached skill level 8 in Spellcasting
  3727 | D:5      | Reached skill level 5 in Conjurations
  3970 | D:5      | Found Oroluar's Food Shop.
  4516 | D:6      | Noticed Grinder
  4551 | D:6      | Reached skill level 9 in Spellcasting
  4641 | D:6      | Reached XP level 8. HP: 21/41 MP: 2/23
  4939 | D:6      | Got a twisted quarterstaff
  4940 | D:6      | Identified the +3 quarterstaff "Taicw" {speed, rElec MP-9
                  | Str+10 Int-2} (You found it on level 6 of the Dungeon)
  5174 | D:7      | Found Plog's Gadget Emporium.
  5209 | D:7      | Reached skill level 1 in Fire Magic
  5293 | D:7      | HP: 2/41 [centaur/arrow (10)]
  5298 | D:7      | Slain by a bullfrog

Levels and vault maps discovered:
D:1:      wander_arrival_lonely_grave, layout_basic
D:2:      layout_rooms, lemuel_doored_altar, chequers_ecumenical_altar_lobes,
          trog_hazing_becter, uniq_robin
D:3:      layout_loops_ring, xom_redecorated, first_ration
D:4:      layout_basic, gammafunk_ghost_nasty_kobolds, serial_shops, shop,
          uniq_duvessa, uniq_edmund, uniq_pikel
D:5:      layout_loops_ring, serial_shops, nicolae_shop_waterfront
D:6:      layout_cave_pools, st_stairs_11, uniq_grinder
D:7:      layout_basic, nicolae_ru_awakened_eye, minmay_temple_entry_waves,
          serial_shops, kennysheep_mini_moat

Skill      XL: |  1  2  3  4  5  6  7  8 |
---------------+-------------------------+-----
Spellcasting   | 5 6 7 9 |  9.5
Conjurations   | 2 3 4 5 6 |  6.5
Stealth        | 3 |  3.6
Summonings     | 2 |  2.7
Translocations | 2 |  2.6
Dodging        | 3 |  3.1
Fire Magic     | 1 |  1.0
Fighting       | |  0.3
Short Blades   | |  0.1
Unarmed Combat | |  0.1
Air Magic      | |  0.7
Poison Magic   | |  0.8

Action                   |  1- 3 |  4- 6 |  7- 9 || total
-------------------------+-------+-------+-------++-------
Melee: Unarmed           |     4 |     3 |     1 ||     8
       Short sword       |       |       |    23 ||    23
 Cast: Magic Dart        |    73 |    78 |   128 ||   279
       Conjure Flame     |     5 |     7 |     9 ||    21
       Mephitic Cloud    |     4 |     3 |     4 ||    11
       Blink             |     1 |     2 |     7 ||    10
       Call Imp          |       |     6 |     7 ||    13
  Use: Potion            |       |       |     1 ||     1
 Stab: Confused          |     1 |       |     1 ||     2
       Sleeping          |     1 |       |       ||     1
       Distracted        |       |       |     1 ||     1
  Eat: Chunk             |     1 |     3 |     6 ||    10
       Ration            |       |     1 |       ||     1
Armor: Robe              |     7 |     9 |    12 ||    28
Dodge: Dodged            |    23 |    13 |    43 ||    79
